 Dungeon Crawl Stone Soup version 0.28.0-45-g0d030f2227 (webtiles) character file.

Game seed: 5766478965270133302

37 Faeu the Shield-Bearer (level 3, -1/33 HPs)
             Began as a Minotaur Fighter on Apr 2, 2022.
             Succumbed to Jessica's poison
             ... on level 2 of the Dungeon.
             The game lasted 00:03:31 (1299 turns).

Faeu the Shield-Bearer (Minotaur Fighter)           Turns: 1299, Time: 00:03:32

Health: -1/33      AC:  9    Str: 22    XL:     3   Next: 21%
Magic:  2/2        EV:  9    Int:  5    God:
Gold:   55         SH:  4    Dex:  9    Spells: 2/2 levels left

rFire   . . .      SeeInvis .   a - +0 war axe {axe}
rCold   . . .      Faith    .   c - +0 buckler
rNeg    . . .      Spirit   .   b - +0 scale mail
rPois   .          Reflect  .   h - +2 hat
rElec   .          Harm     .   (no cloak)
rCorr   .          Rampage  .   (no gloves)
Will    .....                   (no boots)
Stlth   ..........              (no amulet)
HPRegen 0.11/turn               (no ring)
MPRegen 0.08/turn               (no ring)

@: lethally poisoned (-1 -> -16)
A: horns 2, retaliatory headbutt
a: no special abilities


You were on level 2 of the Dungeon.
You visited 1 branch of the dungeon, and saw 2 of its levels.

You collected 55 gold pieces.


Innate Abilities, Weirdness & Mutations

You have a pair of horns on your head.
You reflexively headbutt those who attack you in melee.


   Skills:
 + Level 3.9 Fighting
 + Level 2.8 Axes
 + Level 1.0 Throwing
 + Level 3.9 Armour
 + Level 1.0 Dodging
 + Level 4.0 Shields


You had 2 spell levels left.
You didn't know any spells.
Your spell library contained the following spells:

 Spells                   Type           Power      Damage    Failure   Level
 Conjure Flame            Conj/Fire      0%         6-21      99%         3
 Ignite Poison            Fire/Tmut/Pois 0%         N/A       99%         3
 Sticky Flame             Conj/Fire      0%         2d3       100%        4

Inventory:

Hand Weapons
 a - a +0 war axe (weapon) {axe}
 k - a +3 dagger {short}
   (You took it off a kobold on level 2 of the Dungeon)
Armour
 b - a +0 scale mail (worn)
 c - a +0 buckler (worn)
 h - a +2 hat (worn)
   (You found it on level 2 of the Dungeon)
Scrolls
 g - a scroll of teleportation {unknown}
 i - a scroll of immolation {unknown}
 j - 2 scrolls of identify {unknown}
Potions
 d - a potion of might
 e - a potion of flight {unknown}
 f - a potion of curing {unknown}

Dungeon Overview and Level Annotations

Branches:
Dungeon (2/15)

Altars:

Annotations:
D:2 Jessica

#.# #.# #.# #.# ##+###
#.# ......# #.#
.......###.#
........@@?#
......####.#############
..... #...............#
.... ###.###########.#
... #.. ........# ..# ##
#.. #######.# ###.#
##### #... #.# .##.# ###
#...# #.## #.#
.##.###.####.#.# #.# #.#


You could see Jessica.


Message History

a +0 dagger {short}; 5 stones {throwing}
Found a faded altar of an unknown god.
There is a faded altar of an unknown god here.
You enter the shallow water.
Moving in this stuff is going to be slow.
You enter the shallow water.
Moving in this stuff is going to be slow.
There is an escape hatch in the floor here.
Done exploring.
(D) Dungeon
Where to? (? - help)
There is an escape hatch in the floor here.
There is a stone staircase leading down here.
You climb downwards.
There is a stone staircase leading up here.
h - a +2 hat You start putting on your armour.
You continue putting on your +2 hat. x4
You finish putting on your +2 hat.
There is a stone staircase leading up here.
A ball python comes into view.
The ball python hisses angrily.
You block the ball python's attack. The ball python barely misses you.
The ball python bites you but does no damage.
The ball python grabs you. The ball python constricts you.
Unknown command.
You closely miss the ball python. Your headbutt misses the ball python.
The ball python bites you.
The ball python constricts you. 😕 HP[-2]
You take 2 damage, and now have 31/33 hp.
You slash the ball python!
You kill the ball python!
A frilled lizard comes into view.
The frilled lizard hisses angrily. 😕 HP[+1]
You slash the frilled lizard!
You kill the frilled lizard!
You see here a frilled lizard corpse.
You open the door. 😎 HP[+1]
There is an open door here.
i - a scroll labelled JECHUS HUGI
j - 2 scrolls labelled NAMUH BAPP You now have 41 gold pieces (gained 6).
You open the door.
A kobold comes into view. It is wielding a +0 dagger.
The kobold shouts!
There is an open door here.
The kobold hits you but does no damage.
You hit the kobold.
You kill the kobold!
Your Shields skill increases to level 4!
You see here a +0 dagger {short}.
You open the door.
There is an open door here.
A kobold comes into view. It is wielding a +3 dagger.
The kobold shouts!
You slash the kobold!
You kill the kobold!
Your Throwing skill increases to level 1!
k - a +3 dagger {short} You see here a kobold corpse.
You now have 55 gold pieces (gained 14).
Jessica the Apprentice Sorceress comes into view.
She is wielding a +1 dagger of venom.
Jessica shouts!
Jessica points at you and mumbles some strange words.
Pain shoots through your body!
You see here a scroll labelled PUTSELUTRO. 😕 HP[-8]
You take 8 damage, and now have 25/33 hp.
MASSIVE DAMAGE!! (PAUSE) 😕 HP[+1] Jessica hits you with a +1 dagger of venom!
You are poisoned. 😮 HP[-7]
You take 7 damage, and now have 19/33 hp.
MASSIVE DAMAGE!! (PAUSE)
You hit Jessica.
* * * LOW HITPOINT WARNING * * *
You feel very sick. Jessica closely misses you. 😨 HP[-6]
You take 6 damage, and now have 13/33 hp.
You barely miss Jessica.
* * * LOW HITPOINT WARNING * * *
You feel very sick. Jessica hits you but does no damage.
You are lethally poisoned! 😨 HP[-4]
You take 4 damage, and now have 9/33 hp.
You closely miss Jessica.
* * * LOW HITPOINT WARNING * * *
You feel very sick. Jessica hits you but does no damage.
Jessica gestures wildly.
You block Jessica's attack. 😱 HP[-5]
You take 5 damage, and now have 4/33 hp.
You barely miss Jessica. You headbutt Jessica, but do no damage.
You die...

Skill      XL: |  1  2  3 |
---------------+----------+-----
Dodging        | 1 |  1.0
Shields        | 4 |  4.0
Throwing       | 1 |  1.0
Fighting       | |  3.9
Axes           | |  2.8
Armour         | |  3.9

Action                   || total
-------------------------++-------
Melee: War axe           ||    54
       Headbutt          ||     7
Armor: Scale mail        ||    29
Dodge: Dodged            ||    41
Block: Buckler           ||    12

Levels and vault maps discovered:
D:1:      scummos_arrival_gate, layout_basic,
          shapermc_ecumenical_altar_hornbeckon, chequers_serial_rivers_small_b,
          minmay_surrounded
D:2:      layout_basic, uniq_jessica, uniq_crazy_yiuf_cottage

Notes
Turn   | Place    | Note
-------+----------+-------------------------------------------
     0 | D:1      | Faeu the Minotaur Fighter began the quest for the Orb.
     0 | D:1      | Reached XP level 1. HP: 19/19 MP: 0/0
     0 | D:1      | magus.rc [v1.9.6]
    74 | D:1      | Reached XP level 2. HP: 8/27 MP: 1/1
   674 | D:1      | You add the spells Conjure Flame, Ignite Poison and Sticky
                  | Flame to your library.
   891 | D:1      | Reached XP level 3. HP: 33/33 MP: 2/2
   937 | D:1      | Reached skill level 1 in Dodging
  1021 | D:1      | Found a faded altar of an unknown god.
  1204 | D:2      | Reached skill level 4 in Shields
  1245 | D:2      | Reached skill level 1 in Throwing
  1289 | D:2      | Noticed Jessica
  1298 | D:2      | HP: 4/33 [poisoned by Jessica]
  1299 | D:2      | Succumbed to Jessica's poison

Vanquished Creatures
  A dart slug (D:1)
  2 ball pythons
  4 bats (D:1)
  3 endoplasms (D:1)
  3 giant cockroaches (D:1)
  2 hobgoblins (D:1)
  9 kobolds
  A quokka (D:1)
  3 frilled lizards
  2 rats (D:1)
30 creatures vanquished.

Vanquished Creatures (others)
  2 fungi (D:1)
2 creatures vanquished.

Grand Total: 32 creatures vanquished

Table legend:
 A = Non-vault XP
 B = Vault XP
 C = Vault XP percentage of total XP
 D = Non-vault monster count
 E = Vault monster count
 F = Vault count percentage of total count
                 A         B        C        D         E       F
            +---------+---------+-------+---------+---------+-------
      Total |      47 |       6 |  11.3 |      26 |       4 |  13.3
            +---------+---------+-------+---------+---------+-------
        D:1 |      40 |       6 |  13.0 |      22 |       4 |  15.4
        D:2 |       7 |       0 |   0.0 |       4 |       0 |   0.0
            +---------+---------+-------+---------+---------+-------

Illustrated notes

Table legend:
 A = Kills in this place as a percentage of kills in entire the game.
 B = Kills by you in this place as a percentage of kills by you in the entire game.
 C = Kills by friends in this place as a percentage of kills by friends in the entire game.
 D = Other kills in this place as a percentage of other kills in the entire game.
 E = Experience gained in this place as a percentage of experience gained in the entire game.
 F = Experience gained in this place divided by the number of levels of this place that you have seen.
                   A       B       C       D       E      F
               +-------+-------+-------+-------+-------+----------------------
         Total | 100.0 | 100.0 |   N/A |   N/A | 100.0 |  26.5
       Dungeon | 100.0 | 100.0 |   N/A |   N/A | 100.0 |  26.5
               +-------+-------+-------+-------+-------+----------------------

Table legend: (Time is in decaauts)
 A = Elapsed time spent in this place.
 B = Non-inter-level travel time spent in this place.
 C = Inter-level travel time spent in this place.
 D = Time resting spent in this place.
 E = Time spent auto-exploring this place.
 F = Levels seen in this place.
 G = Mean time per level.
                   A        B        C        D        E       F      G
               +--------+--------+--------+--------+--------+-----+--------+
         Total |   1326 |   1303 |     23 |      0 |    912 |   2 |  663.0 |
       Dungeon |   1326 |   1303 |     23 |      0 |    912 |   2 |  663.0 |
               +--------+--------+--------+--------+--------+-----+--------+

Top non-repeatable levels by time:
     D:1: 1126 daAuts
     D:2: 199 daAuts
